[Event "Romanian Superliga 2024"]
[Site "Mamaia"]
[Date "2024.10.03"]
[Round "6.25"]
[White "Theodorou, Nikolas"]
[Black "Kantor, Gergely"]
[Result "1/2-1/2"]
[ECO "E08"]
[WhiteElo "2619"]
[BlackElo "2537"]
[Annotator "RC"]
[PlyCount "91"]
[EventDate "2024.09.26"]
[EventType "team-tourn"]
[EventCountry "ROU"]
[SourceTitle "playchess.com"]
[Source "ChessBase"]
[SourceQuality "1"]
[TimeControl "40/5400+30:1800+30"]

1. d4 Nf6 2. c4 e6 3. Nf3 d5 4. g3 Bb4+ 5. Bd2 Be7 6. Bg2 O-O 7. O-O c6 8. Qc2 b6 9. Bf4 Bb7 10. Nbd2 Nbd7 11. e4 dxc4 12. Nxc4 c5 13. Rfe1 cxd4 14. Nd6 Bxd6 15. Bxd6 d3 16. Qxd3 Bxe4 17. Qd4 e5 18. Nxe5 Nxe5 19. Bxe5 Bxg2 20. Kxg2 Qxd4 21. Bxd4 Nd5 22. Red1 Rfd8 23. Rd2 Rd7 24. Rad1 Rad8 25. Kf3 f6 26. Be3 Kf7 27. Rd4 h5 28. h3 Ke6 29. Re4+ Kf7 30. Red4 Ke6 31. g4 hxg4+ 32. hxg4 Nxe3 33. Rxd7 Rxd7 34. Rxd7 Kxd7 35. Kxe3 Ke6 36. Kd4 Kd6 37. Ke4 Ke6 38. Kd4 Kd6 39. Ke4 Ke6 40. f3 g6 41. Kd4 Kd6 42. f4 Ke6 43. Kc4 Kd6 44. Kd4 Ke6 45. Kc4 Kd6 46. Kd4 1/2-1/2

[Event "Romanian Superliga 2024"]
[Site "Mamaia"]
[Date "2024.10.03"]
[Round "6.26"]
[White "Vanczak, Tamas"]
[Black "Kourkoulos-Arditis, Stamatis"]
[Result "0-1"]
[ECO "C17"]
[WhiteElo "2401"]
[BlackElo "2570"]
[Annotator "RC"]
[PlyCount "68"]
[EventDate "2024.09.26"]
[EventType "team-tourn"]
[EventCountry "ROU"]
[SourceTitle "playchess.com"]
[Source "ChessBase"]
[SourceQuality "1"]
[TimeControl "40/5400+30:1800+30"]

1. e4 e6 2. d4 d5 3. Nc3 Bb4 4. e5 c5 5. Bd2 Ne7 6. a3 Bxc3 7. Bxc3 b6 8. Bb5+ Bd7 9. Be2 Nbc6 10. Nf3 Qc7 11. O-O cxd4 12. Nxd4 Nxe5 13. Nb5 Bxb5 14. Bxb5+ Kf8 15. Qd4 f6 16. Qf4 N7g6 17. Qg3 Kf7 18. Rfe1 Qc5 19. Be2 h5 20. h4 Rad8 21. Rad1 d4 22. Bb4 Qc7 23. Bd3 Qc8 24. f4 Nxd3 25. cxd3 Qd7 26. a4 Qxa4 27. Ba3 Qd7 28. Re4 Rhe8 29. Rde1 Qd5 30. Qf2 Qf5 31. Rc1 Rd7 32. Rxd4 Red8 33. Re4 Rxd3 34. Rce1 Rd1 0-1

[Event "Romanian Superliga 2024"]
[Site "Mamaia"]
[Date "2024.10.03"]
[Round "6.27"]
[White "Marin, Mihail"]
[Black "Anton, Teodor"]
[Result "1-0"]
[ECO "A13"]
[WhiteElo "2455"]
[BlackElo "2427"]
[Annotator "TA"]
[PlyCount "91"]
[EventDate "2024.09.26"]
[EventType "team-tourn"]
[EventCountry "ROU"]
[SourceTitle "playchess.com"]
[Source "ChessBase"]
[SourceQuality "1"]
[TimeControl "40/5400+30:1800+30"]

1. c4 e6 2. g3 d5 3. Bg2 d4 4. Nf3 Nc6 5. O-O Nh6 6. e3 Nf5 7. e4 Nfe7 8. e5 {[%emt 0:00:11] The position is equal.} Nf5 9. d3 h5 10. h4 b6 11. Nbd2 Bb7 12. Ne4 Be7 13. a3 a5 14. b3 Nh6 (14... Nb8 $14) 15. Re1 Ng4 16. Neg5 Qd7 17. Bf4 Nd8 18. Nh2 Bxg2 19. Kxg2 f6 20. Ne4 Nf7 (20... Nxe5 21. Bxe5 fxe5 22. Nf3 $14) (20... fxe5 $2 21. Nxg4 exf4 22. Ne5 $18) (20... f5 $11 21. Ng5 Bxg5 22. Bxg5 O-O) 21. Nxg4 hxg4 22. exf6 (22. Qxg4 $6 f5 23. Qxg7 fxe4 $11) 22... gxf6 {[%emt 0:00:45] Threatens to win with ...e5.} 23. Qxg4 {[%emt 0:00:09][%cal Oe4f6] Hoping for Nxf6+!} f5 24. Qg6 fxe4 25. Rxe4 Kf8 26. Rxe6 {[%emt 0:02:37] Rae1 is the strong threat.} (26. Qxe6 $6 Qxe6 27. Rxe6 Rc8 $14) 26... Bd6 27. Bxd6+ ({White should try} 27. Bg5 $18 {Strongly threatening Rae1.} Re8 28. Rae1 Rxe6 29. Rxe6) 27... cxd6 $16 28. Qe4 {[%emt 0:03:20][%csl LRa8,LRd4] The board is on fire. White is much more active. Black is weak on the light squares} Re8 29. Rxe8+ Qxe8 30. Re1 Qxe4+ 31. Rxe4 {[%emt 0:00:18][%mdl 4096] Endgame. KRN-KR} Rh5 {[%emt 0:02:31] Wards off f4} (31... Nd8 $16 {might work better.} 32. Kh3 (32. Rxd4 Ke7 $14) 32... Rh6) 32. Rxd4 $18 Re5 33. Kf1 {[%emt 0:04:55] Wards off Re2} a4 34. b4 (34. bxa4 Ra5 35. g4 Rxa4 $16) 34... Ke7 (34... Re6 $142 35. g4 Ne5) 35. f4 Re6 36. Kf2 (36. Re4 $142) 36... Nh6 $2 (36... Nd8) 37. Re4 {[%emt 0:01:34] White is clearly winning.} Nf5 38. Rxe6+ Kxe6 {[%emt 0:00:04] KN-KP} 39. g4 Nd4 40. Ke3 Nc2+ {[%emt 0:00:00] [#]} 41. Kd2 $1 Nxa3 42. b5 d5 {[%emt 0:02:16] [#]} 43. c5 $1 Nxb5 (43... d4 44. cxb6) 44. cxb6 {[%emt 0:00:08] b7 would now be deadly.} Kd7 45. g5 a3 46. Kc1 {[%emt 0:02:00] Weighted Error Value: White=0.22 (precise) /Black=0.36.  Mistake:       	White=2     	Black=5      Inaccurate:     	White=5     	Black=5      OK:         	White=12    	Black=9      Best:        	White=2     	Black=3} 1-0

[Event "Romanian Superliga 2024"]
[Site "Mamaia"]
[Date "2024.10.03"]
[Round "6.28"]
[White "Vajda, Albert"]
[Black "Miron, Lucian-Costin"]
[Result "1/2-1/2"]
[ECO "C28"]
[WhiteElo "2279"]
[BlackElo "2473"]
[Annotator "TA"]
[PlyCount "52"]
[EventDate "2024.09.26"]
[EventType "team-tourn"]
[EventCountry "ROU"]
[SourceTitle "playchess.com"]
[Source "ChessBase"]
[SourceQuality "1"]
[TimeControl "40/5400+30:1800+30"]

1. e4 e5 2. Bc4 Nc6 3. Nc3 Nf6 4. d3 Na5 5. Nge2 c6 6. O-O Bc5 7. a3 Nxc4 8. dxc4 d6 {[%emt 0:15:24] The position is equal.} 9. Qd3 Be6 10. b3 a6 11. Be3 Bxe3 12. Qxe3 O-O 13. Rad1 Qc7 14. a4 Rab8 15. Rd2 b5 16. axb5 cxb5 17. cxb5 axb5 18. Rfd1 Rb6 19. h3 b4 20. Na4 Rc6 21. Ng3 Rc8 22. Qf3 Ne8 23. Rc1 Qe7 24. Qe3 R8c7 {[%emt 0:03:07] Black is slightly better.} 25. c4 bxc3 26. Rxc3 g6 {[%emt 0:01:53] Weighted Error Value: White=0.06 (flawless) /Black=0.06 (flawless) .  Inaccurate:     	White=2     	Black=1      OK:         	White=6     	Black=12     Best:        	White=1     	Black=1} 1/2-1/2

[Event "Romanian Superliga 2024"]
[Site "Mamaia"]
[Date "2024.10.03"]
[Round "6.29"]
[White "Secheres, Adrian-Simion"]
[Black "Tugui, Adrian"]
[Result "1-0"]
[ECO "E90"]
[WhiteElo "2344"]
[BlackElo "2326"]
[Annotator "TA"]
[PlyCount "77"]
[EventDate "2024.09.26"]
[EventType "team-tourn"]
[EventCountry "ROU"]
[SourceTitle "playchess.com"]
[Source "ChessBase"]
[SourceQuality "1"]
[TimeControl "40/5400+30:1800+30"]

1. d4 Nf6 2. c4 c5 3. d5 g6 4. Nc3 Bg7 5. e4 d6 6. h3 O-O 7. Nf3 e6 8. Be2 exd5 9. exd5 Bf5 10. g4 Be4 11. O-O Bxf3 {[%emt 0:01:32] White has an edge.} 12. Bxf3 Nbd7 13. Bg5 a6 14. a4 Re8 15. Qd2 Qe7 16. Rae1 Qf8 17. Bh4 h6 18. Bg3 Rxe1 19. Rxe1 ({Much weaker is} 19. Qxe1 Nh7 $11) 19... Re8 20. Rf1 Ne5 21. Be2 Ned7 22. Qc2 Qe7 23. Bd1 Nh7 24. Kg2 Nhf6 25. f3 b6 (25... Ne5 $14) 26. Qd2 $16 Qf8 27. Bc2 Ne5 28. b3 Ned7 29. h4 {[%emt 0:05:36] White is more active. Black is weak on the light squares} Nh7 30. Ne4 Be5 (30... Ne5 $16 31. Bf4 Kh8) 31. f4 $18 Bd4 32. f5 {[%emt 0:01:18] Black must now prevent fxg6.} Rxe4 (32... g5 $142) 33. Bxe4 g5 {[%emt 0:00:27] [#]} 34. f6 $1 Ndxf6 35. Bf5 gxh4 36. Bf4 ({Resist} 36. Bxh4 $6 Qg7 $18) 36... h5 37. Bh6 {[%emt 0:03:55] This pair of bishops is nice.} Qe7 38. g5 {[%emt 0:02:07][%cal Bg4g5,Bg5g6][%mdl 1056] White has strong compensation.} Ng4 {[%emt 0:00:28] [#] And now ...Ne3+ would win.} 39. g6 {[%emt 0:01:19] Weighted Error Value: White=0.13 (very precise) /Black=0.21 (precise) .  Mistake:       	---       	Black=3      Inaccurate:     	White=4     	Black=4      OK:         	White=16    	Black=6      Best:        	White=2     	---} 1-0

[Event "Romanian Superliga 2024"]
[Site "Mamaia"]
[Date "2024.10.03"]
[Round "6.30"]
[White "Corbu, George-Alexandru"]
[Black "Nastore, Pavel-Alexandru"]
[Result "0-1"]
[ECO "D35"]
[WhiteElo "2039"]
[BlackElo "2252"]
[Annotator "RC"]
[PlyCount "176"]
[EventDate "2024.09.26"]
[EventType "team-tourn"]
[EventCountry "ROU"]
[SourceTitle "playchess.com"]
[Source "ChessBase"]
[SourceQuality "1"]
[TimeControl "40/5400+30:1800+30"]

1. d4 d5 2. c4 e6 3. Nc3 Be7 4. cxd5 exd5 5. Bf4 c6 6. e3 Bf5 7. Nf3 Nf6 8. Bd3 Bxd3 9. Qxd3 Nbd7 10. O-O O-O 11. h3 Re8 12. Nd2 Bb4 13. f3 Nb6 14. Rae1 Nh5 15. Bh2 g6 16. e4 Qh4 17. a3 Bf8 18. e5 c5 19. f4 c4 20. Qf3 Rad8 21. g4 Ng7 22. Qg2 f5 23. Nf3 Qe7 24. Bg3 Qd7 25. Bf2 Na8 26. Be3 Nc7 27. Ne2 Rc8 28. Kf2 Be7 29. g5 b5 30. h4 b4 31. axb4 Bxb4 32. Rc1 Rb8 33. Rc2 Rb6 34. Ng3 Reb8 35. h5 Bf8 36. Kg1 Rb3 37. Re1 Nce6 38. hxg6 hxg6 39. Ree2 Qa4 40. Nh4 Kf7 41. Nf1 Qb5 42. Qh2 Rd3 43. Red2 Rb3 44. Nf3 Nh5 45. Nh4 Nhg7 46. Nf3 Bb4 47. Re2 Nh5 48. Nh4 Rh8 49. Qf2 Rd3 50. Ng2 Ba5 51. Ne1 Bb6 52. Red2 Rb3 53. Ng2 a5 54. Rd1 a4 55. Ne1 Qa5 56. Ng2 Qa7 57. Rcd2 Rb8 58. Nh2 Ba5 59. Rc2 Qb7 60. Bc1 Bb6 61. Nf1 Rd3 62. Re1 Nxd4 63. Be3 Nxc2 64. Qxc2 Bxe3+ 65. Nfxe3 Qb3 66. Qf2 Qxb2 67. Re2 Qa1+ 68. Ne1 Rb1 69. e6+ Ke8 70. N3c2 Qc3 71. Qc5 Rxe1+ 72. Rxe1 Rg3+ 73. Kf1 Qf3+ 74. Qf2 Nxf4 75. Qxf3 Rxf3+ 76. Kg1 Rg3+ 77. Kh1 Rxg5 78. Nd4 c3 79. Nb5 Ke7 80. Nxc3 Nxe6 81. Nxd5+ Kf7 82. Rb1 f4 83. Rb7+ Kf8 84. Rb8+ Kg7 85. Rb7+ Kh6 86. Nf6 Ra5 87. Re7 a3 88. Kg2 a2 0-1